AoeStats
← 739697286

Arena

508208255Analyzed
4v4 RM · 12d ago on Sep 21, 2026· 25m 10s· 8 players
Game mode
Random Map
Map size
Large (8 player)
Population
200
Speed
Normal
Resources
Standard
Victory
Conquest
Starting age
Dark Age
Ending age
Imperial Age
RankedLock teamsTeams togetherTeam positionsShared explorationLock speedFull tech treeHidden civsTurbo modeCheats
Victory
Defeat
🇨🇳 Celts · China
1481
+15
🇺🇸 Vietnamese · United States
1439
+16
🇵🇹 Magyars · Portugal
1390
+18
🇨🇴 Bulgarians · Colombia
1358
+21
🇨🇳 Burgundians · China
1476
-19
🇮🇳 Celts · India
1461
-18
🇨🇳 Ethiopians · China
1437
-17
🇨🇳 Spanish · China
1417
-16
hcy
11:06 Feudal Age
15:41 Castle Age
13:51 Double-Bit Axe
16:53 Loom
17:50 Bow Saw
Ren
10:53 Feudal Age
9:28 Loom
11:35 Double-Bit Axe
13:01 Horse Collar
18:18 Fletching
21:14 Castle Age
迷路将军
4:08 Double-Bit Axe
11:01 Feudal Age
10:07 Horse Collar
16:02 Castle Age
14:11 Gold Mining
15:11 Bow Saw
17:15 Loom
snek_fan
10:35 Feudal Age
14:30 Castle Age
12:19 Double-Bit Axe
13:29 Horse Collar
17:07 Bow Saw
17:47 Heavy Plow
22:11 Scale Barding Armor
23:34 Forging
mxrider971
8:46 Loom
10:41 Feudal Age
14:52 Castle Age
12:42 Horse Collar
14:05 Double-Bit Axe
16:04 Heavy Plow
16:19 Bow Saw
22:59 Wheelbarrow
24:00 Gold Mining
25:16 Hand Cart
Fu
11:06 Feudal Age
14:50 Castle Age
13:42 Double-Bit Axe
13:59 Horse Collar
15:47 Bow Saw
20:41 Stone Mining
20:43 Loom
22:43 Wheelbarrow
24:54 Gold Mining
26:11 Gold Shaft Mining
25:47 Heavy Plow
739697286
11:34 Feudal Age
9:49 Loom
11:34 Feudal Age
12:25 Double-Bit Axe
15:14 Castle Age
12:58 Horse Collar
13:58 Gold Mining
15:45 Loom
16:13 Bow Saw
16:05 Heavy Plow
20:49 Wheelbarrow
22:39 Hand Cart
23:03 Pikeman
23:45 Scale Mail Armor
25:22 Stone Mining
zularombr
5:57 Loom
8:54 Feudal Age
9:44 Arson
10:57 Town Watch
11:03 Double-Bit Axe
14:57 Fletching
15:49 Town Watch
18:27 Forging
23:39 Scale Mail Armor
Connection lost

Rejoining the realm…

Still unreachable

The connection could not be restored.

Session expired

The server has moved on; the page needs a fresh start.